 Dungeon Crawl Stone Soup version 0.28-a0-1356-g2ad6d04315 (webtiles) character file.

Game seed: 4782793449658600961

102 wotkd0121004 the Sneak (level 4, 0/27 HPs)
             Began as an Octopode Earth Elementalist on Dec 30, 2021.
             Succumbed to an adder's poison
             ... on level 3 of the Dungeon.
             The game lasted 00:02:39 (2256 turns).

wotkd0121004 the Sneak (OpEE)                       Turns: 2256, Time: 00:02:40

Health: 0/27       AC:  1    Str:  7    XL:     4   Next: 78%
Magic:  5/7        EV: 13    Int: 19    God:
Gold:   49         SH:  0    Dex: 12    Spells: 4/8 levels left

rFire   . . .      SeeInvis .   a - +7 short sword "Impslayer" {vamp, rN+}
rCold   . . .      Faith    .   (no shield)
rNeg    + . .      Spirit   .   (helmet restricted)
rPois   .          Reflect  .   (no amulet)
rElec   .          Harm     .   (no ring)
rCorr   .          Rampage  .   (no ring)
Will    .....                   (no ring)
Stlth   +++.......              (no ring)
HPRegen 0.09/turn               (no ring)
MPRegen 0.10/turn               (no ring)
                                (no ring)
                                (no ring)

@: lethally poisoned (0 -> -3), very slightly contaminated, invisible
A: almost no armour, amphibious, 8 rings, camouflage 1, gelatinous body 1,
(nimble swimmer 1), tentacles
a: no special abilities


You were on level 3 of the Dungeon.
You visited 1 branch of the dungeon, and saw 3 of its levels.

You collected 49 gold pieces.

Inventory:

Hand Weapons
 a - the +7 short sword "Impslayer" (weapon) {vamp, rN+}
   (You found it on level 2 of the Dungeon)

   It occasionally heals its wielder for a portion of the damage dealt when it
   wounds a living foe.
   rN:        It protects you from negative energy.
 e - a +0 short sword
Missiles
 b - 119 stones
Scrolls
 d - 2 scrolls of identify {unknown}
 h - a scroll of teleportation {unknown}
 i - a scroll of blinking {unknown}
Potions
 c - a potion of might {unknown}
 g - a potion of mutation {unknown}


   Skills:
 + Level 2.8 Dodging
 + Level 3.8 Stealth
 + Level 2.6 Spellcasting
 + Level 2.0 Transmutations
 + Level 3.5 Earth Magic


You had 4 spell levels left.
You knew the following spells:

 Your Spells              Type           Power      Damage    Failure   Level
a - Sandblast             Erth           32%        2d9       3%          1
b - Stone Arrow           Conj/Erth      18%        3d8       22%         3

Your spell library contained the following spells:

 Spells                   Type           Power      Damage    Failure   Level
 Passwall                 Tmut/Erth      10%        N/A       8%          2
 Magic Dart               Conj           8%         1d3       16%         1
 Searing Ray              Conj           4%         2d4       24%         2
 Petrify                  Tmut/Erth      13%        N/A       45%         4
 Fulminant Prism          Conj/Hex       1%         3d6       85%         4


Dungeon Overview and Level Annotations

Branches:
Dungeon (3/15)

Altars:
Kikubaaqudgha


Innate Abilities, Weirdness & Mutations

You cannot wear most types of armour.
You are amphibious.
You can wear up to eight rings at the same time.
Your skin changes colour to match your surroundings (Stealth+).
Your rubbery body absorbs attacks. (AC +1, EV +1)
((You are camouflaged when in or above water. (Stealth+)))
You have tentacles for arms and can constrict up to eight enemies at once.


Message History

The adder hisses angrily.
You puncture the worm!
You feel better.
Your grab misses the worm. Your squeeze misses the worm.
The worm is heavily wounded.
The adder bites you. The dart slug barely misses you.
The worm closely misses you.
You hit the worm.
You feel better.
You grab the worm. You squeeze the worm, but do no damage.
The worm is almost dead.
You constrict the worm. The adder bites you.
The dart slug launches a dart at you. The slug dart hits you.
You release your grip on the worm.
The adder bites you.
* * * LOW HITPOINT WARNING * * *
There is an open door here.
Casting: Sandblast (safe; 3% risk of failure)
Confirm with . or Enter, or press ? or * to list all spells.
Aiming: Sandblast (safe; 3% risk of failure)
Press: ? - help, Shift-Dir - straight line, f - adder
Aim: an adder (66% to hit)
You miscast Sandblast.
You are very lightly contaminated with residual magic.
Nothing appears to happen.
The adder bites you.
* * * LOW HITPOINT WARNING * * *
You are lethally poisoned!
The adder poisons you!
Casting: Sandblast (safe; 3% risk of failure)
Confirm with . or Enter, or press ? or * to list all spells.
Aiming: Sandblast (safe; 3% risk of failure)
Press: ? - help, Shift-Dir - straight line, f/p - adder
Aim: an adder (66% to hit)
The blast of sand misses the adder.
The blast of sand hits the worm!
You kill the worm!
* * * LOW HITPOINT WARNING * * *
You feel sick. The adder closely misses you.
It was a potion of invisibility.
You fade into invisibility!
* * * LOW HITPOINT WARNING * * *
You feel sick. The adder barely misses you.
You die...

#. #....# ##.#
#..### +#...#
#..#
##.....######..#
..............†#
..........###..#
....#....##.#..#
#.......##..#..#
+......@'Sw.#..#
#.......##..#..#
....#.... #.#..#
..##+##..# .#..#
. ##.# # .# ..
##


You could see an adder and a dart slug.

Vanquished Creatures
  4 gnolls (D:2)
  An adder (D:2)
  2 worms
  5 ball pythons
  4 bats
  4 endoplasms
  4 giant cockroaches
  3 goblins (D:1)
  7 hobgoblins
  4 kobolds (D:1)
  3 quokkas
  A frilled lizard (D:1)
  4 rats
46 creatures vanquished.

Notes
Turn   | Place    | Note
-------+----------+-------------------------------------------
     0 | D:1      | wotkd0121004 the Octopode Earth Elementalist began the
                  | quest for the Orb.
     0 | D:1      | Reached XP level 1. HP: 11/11 MP: 3/3
    97 | D:1      | Reached XP level 2. HP: 15/17 MP: 0/5
   809 | D:1      | Reached XP level 3. HP: 14/21 MP: 6/6
   817 | D:1      | Learned a level 3 spell: Stone Arrow
  1467 | D:2      | Found an ancient bone altar of Kikubaaqudgha.
  1510 | D:2      | Identified the +7 short sword "Impslayer" {vamp, rN+}
  1757 | D:2      | Found a faded altar of an unknown god.
  1815 | D:2      | Reached XP level 4. HP: 27/27 MP: 4/7
  2255 | D:3      | HP: 1/27 [poisoned by an adder]
  2256 | D:3      | Succumbed to an adder's poison

Illustrated notes

Levels and vault maps discovered:
D:1:      kennysheep_arrival_seaside, layout_rooms,
          chequers_serial_rivers_large_a
D:2:      layout_basic, shapermc_ecumenical_altar_starsandcircs, basic_altar
D:3:      layout_basic, minmay_pentangle, uniq_natasha

Skill      XL: |  1  2  3  4 |
---------------+-------------+-----
Stealth        | 3 |  3.8
Transmutations | 2 |  2.0
Dodging        | |  2.8
Spellcasting   | |  2.6
Earth Magic    | |  3.5

Action                   |  1- 3 |  4- 6 || total
-------------------------+-------+-------++-------
Melee: Unarmed           |    12 |       ||    12
       Constrict         |    17 |     3 ||    20
       Tentacles         |    11 |     2 ||    13
       Short sword       |    46 |    10 ||    56
 Cast: Sandblast         |    14 |     8 ||    22
  Use: Potion            |     2 |     1 ||     3
 Stab: Sleeping          |    13 |     2 ||    15
Armor: Skin              |     8 |       ||     8
Dodge: Dodged            |    35 |     7 ||    42

Table legend: (Time is in decaauts)
 A = Elapsed time spent in this place.
 B = Non-inter-level travel time spent in this place.
 C = Inter-level travel time spent in this place.
 D = Time resting spent in this place.
 E = Time spent auto-exploring this place.
 F = Levels seen in this place.
 G = Mean time per level.
                   A        B        C        D        E       F      G
               +--------+--------+--------+--------+--------+-----+--------+
         Total |   2241 |   2170 |     71 |    269 |   1573 |   3 |  747.0 |
       Dungeon |   2241 |   2170 |     71 |    269 |   1573 |   3 |  747.0 |
               +--------+--------+--------+--------+--------+-----+--------+

Top non-repeatable levels by time:
     D:1: 1227 daAuts
     D:2: 927 daAuts
     D:3: 86 daAuts
